 Dungeon Crawl Stone Soup version 0.31.0-1-g2c135a008e (webtiles) character file.

Game seed: 15395090004333626308

266 qw the Shooter (level 6, -2/46 HPs)
             Began as a Djinni Hunter on Jan 23, 2024.
             Slain by a black bear (6 damage)
             ... on level 4 of the Dungeon.
             The game lasted 00:00:10 (2730 turns).

qw the Shooter (Djinni Hunter)                      Turns: 2730, Time: 00:00:10

Health: -2/46      AC:  5    Str: 23    XL:     6   Next: 44%
Gold:   124        EV: 13    Int: 10    God:
                   SH:  0    Dex: 19

rFire   + . .        a - +0 shortbow (flame)
rCold   x . .        (shield currently unavailable)
rNeg    . . .        g - +0 ring mail of Vearyan {rPois rF- Str+9 Dex+2}
rPois   inf          (no helmet)
rElec   +            (no cloak)
rCorr   .            (no gloves)
SInv    .            (boots unavailable)
Will    .....        (no amulet)
Stlth   +            (no ring)
HPRegen 0.27/turn    (no ring)
MPRegen 0.00/turn

%: infuse magic (-3 HP)
@: flying
A: sickness immunity, fire resistance 2, cold vulnerability 1, float, innate
caster, HP casting, extra vitality 1, electricity resistance, strong 1
a: no special abilities


You were on level 4 of the Dungeon.
You visited 1 branch of the dungeon, and saw 4 of its levels.

You collected 179 gold pieces.
You spent 55 gold pieces at shops.


Innate Abilities, Weirdness & Mutations

You are immune to sickness and miasma.
You are immune to poison.
Your flesh is very heat resistant. (rF++)
You are vulnerable to cold. (rC-)
You float through the air rather than walking.
You learn spells naturally, not from books.
Your magical power is your life essence.
You have superior vitality. (+4 MHP)
You are resistant to electric shocks. (rElec)
Your muscles are strong. (Str +4, Int/Dex -1)


   Skills:
 - Level 3.0 Fighting
 + Level 4.8 Ranged Weapons
 - Level 1.4 Armour
 - Level 3.9 Dodging
 - Level 0.7 Stealth


You knew the following spells:

 Your Spells              Type           Power      Damage    Failure   Level
a - Necrotise             Necr           0%         1d4       52%         1
b - Jinxbite              Hex            0%         N/A       65%         2
Your spell library was empty.

Inventory:

Hand Weapons
 a - a +0 shortbow of flaming (weapon)
Armour
 d - a +0 ring mail
 g - the +0 ring mail of Vearyan (worn) {rPois rF- Str+9 Dex+2}
   (You took it off a hobgoblin on level 3 of the Dungeon)

   Str+9:     It affects your strength (+9).
   Dex+2:     It affects your dexterity (+2).
   rF-:       It makes you vulnerable to fire.
   rPois:     It protects you from poison
Scrolls
 c - 4 scrolls of teleportation
 h - a scroll of identify
Potions
 b - a potion of enlightenment
 e - 2 potions of heal wounds
 f - 2 potions of brilliance {unknown}

Dungeon Overview and Level Annotations

Branches:
Dungeon (4/15)
 Temple: D:4-7

Altars:

Shops:
D:2 (   D:3 *:(


Message History

The black bear closely misses you. The black bear claws you.
The black bear claws you but does no damage.
The black bear bites you! The black bear closely misses you. x2
You shoot an arrow.
The arrow hits the black bear but does no damage.
The black bear is heavily wounded.
The black bear bites you. The black bear closely misses you. x2
You shoot an arrow. The arrow hits the black bear.
The arrow burns the black bear.
The black bear is severely wounded.
The black bear bites you but does no damage.
The black bear barely misses you.
The black bear claws you but does no damage.
You shoot an arrow. The arrow hits the black bear.
The arrow burns the black bear.
The black bear is severely wounded.
The black bear goes berserk!
You shoot an arrow.
The arrow closely misses the black bear.
The arrow hits the scorpion but does no damage.
The scorpion is lightly wounded.
The black bear barely misses you. x2; The black bear misses you.
The black bear closely misses you. The black bear barely misses you.
The black bear claws you.
You shoot an arrow.
The arrow hits the black bear but does no damage.
The black bear is severely wounded.
The black bear closely misses you. The black bear claws you.
The black bear claws you but does no damage.
The black bear bites you.
The black bear claws you but does no damage.
The black bear claws you.
You shoot an arrow. The arrow hits the black bear!
The arrow burns the black bear.
The black bear is almost dead.
The black bear bites you! The black bear claws you.
The black bear claws you but does no damage.
The black bear barely misses you. The black bear closely misses you.
The black bear claws you.
You die...

#.#.#...#.#...#.#.#.#
#.#.#####.###.#.#.#.#
#.#..........:#.#...#
#.#%###########.########
#.#.#...#. #.........
#.#.#.#.#. #.#####.##
#.#.#.#.#. #.#...#
#.#.###.#.#####.###.#
#.#.....#sh@........#
#.#######.###########
#.......#. #.##....#s
#.####..#. #.......#.
#.####..#. #.#.....##
#..#....#


You could see a black bear (berserk) and a scorpion.

Vanquished Creatures
  A sky beast (D:4)
  A bombardier beetle (D:3)
  An iguana (D:4)
  4 adders
  A ribbon worm (D:2)
  4 orcs (D:3)
  14 ball pythons
  7 bats
  9 endoplasms
  2 giant cockroaches
  7 goblins
  5 hobgoblins
  6 frilled lizards
  8 kobolds
  2 rats (D:1)
72 creatures vanquished.

Notes
Turn   | Place    | Note
-------+----------+-------------------------------------------
     0 | D:1      | qw the Djinni Hunter began the quest for the Orb.
     0 | D:1      | Reached XP level 1. HP: 18/18 MP: 0/0
     0 | D:1      | 0 ||| qw: Version: 0.3-a-134-g2ba4250
     0 | D:1      | 0 ||| qw: Game counter: 770
     0 | D:1      | 0 ||| qw: Melee chars always use a shield: true
     0 | D:1      | 0 ||| qw: God list: Okawaru
     0 | D:1      | 0 ||| qw: Allow faded altars: false
     0 | D:1      | 0 ||| qw: Do Orc after clearing Dungeon:15 true
     0 | D:1      | 0 ||| qw: Do second Lair branch before Depths: true
     0 | D:1      | 0 ||| qw: Lair rune preference: random
     0 | D:1      | 0 ||| qw: Goals: Normal
     0 | D:1      | 0 ||| PLANNING D:1-11
   119 | D:1      | Reached XP level 2. HP: 23/23 MP: 0/0
   293 | D:1      | Reached skill level 4 in Ranged Weapons
   293 | D:1      | Reached XP level 3. HP: 12/28 MP: 0/0
   293 | D:1      | Learned a level 1 spell: Necrotise
   489 | D:1      | 489 ||| UPGRADING to +0 ring mail.
   499 | D:1      | 499 ||| DROPPING +0 leather armour.
   500 | D:1      | 500 ||| READING 3 scrolls labelled OCROUTHUPAU.
   501 | D:1      | 501 ||| DROPPING scroll of butterflies.
   502 | D:1      | 502 ||| DROPPING 2 scrolls of noise.
   589 | D:2      | Found Ziniwk's Antique Weapon Boutique.
   671 | D:2      | Reached skill level 1 in Armour
   739 | D:2      | Reached XP level 4. HP: 27/33 MP: 0/0
  1083 | D:2      | Reached skill level 3 in Fighting
  1311 | D:2      | 1311 ||| READING 3 scrolls labelled CUCKUO SUSU.
  1311 | D:2      | 1311 ||| IDENTIFYING 2 sedimented silvery potions
  1312 | D:2      | 1312 ||| READING 2 scrolls of identify.
  1312 | D:2      | 1312 ||| IDENTIFYING scroll labelled MIAPUO KAFRO
  1313 | D:2      | 1313 ||| READING scroll of identify.
  1313 | D:2      | 1313 ||| IDENTIFYING scroll labelled VEUCZI XERHYN
  1314 | D:2      | 1314 ||| READING scroll of brand weapon.
  1314 | D:2      | 1314 ||| BRANDING +0 shortbow.
  1465 | D:3      | Found Xukhui's General Store.
  1479 | D:3      | 1479 ||| SHOPLISTING scroll of brand weapon (104 gold, have
                  | 91).
  1479 | D:3      | 1479 ||| BUYING scroll of identify (22 gold).
  1479 | D:3      | Bought a scroll of identify for 22 gold pieces
  1479 | D:3      | 1479 ||| BUYING scroll of teleportation (33 gold).
  1479 | D:3      | Bought a scroll of teleportation for 33 gold pieces
  1871 | D:3      | Found Ohaafik's Book Shop.
  2000 | D:3      | Found Vass's Weapon Shoppe.
  2131 | D:3      | Reached XP level 5. HP: 40/40 MP: 0/0
  2131 | D:3      | Learned a level 2 spell: Jinxbite
  2133 | D:3      | Identified the +0 ring mail of Vearyan {rPois rF- Str+9
                  | Dex+2}
  2212 | D:3      | 2212 ||| UPGRADING to +0 ring mail of Vearyan {rPois rF-
                  | Str+9 Dex+2}.
  2222 | D:3      | 2222 ||| READING 2 scrolls of identify.
  2222 | D:3      | 2222 ||| IDENTIFYING smoky cyan potion
  2223 | D:3      | 2223 ||| READING scroll of identify.
  2223 | D:3      | 2223 ||| IDENTIFYING bubbling orange potion
  2224 | D:3      | 2224 ||| DRINKING potion of mutation.
  2224 | D:3      | Gained mutation: You are resistant to electric shocks.
                  | (rElec) [potion of mutation]
  2224 | D:3      | Gained mutation: Your muscles are strong. (Str +4, Int/Dex
                  | -1) [potion of mutation]
  2284 | D:4      | Noticed a sky beast
  2301 | D:4      | Killed a sky beast
  2302 | D:4      | Reached skill level 3 in Dodging
  2302 | D:4      | Reached XP level 6. HP: 23/46 MP: 0/0
  2716 | D:4      | Noticed a black bear
  2717 | D:4      | 2717 ||| RETREEEEATING.
  2719 | D:4      | 2719 ||| RETREEEEATING.
  2721 | D:4      | 2721 ||| RETREEEEATING.
  2730 | D:4      | HP: 7/46 [black bear (10)]
  2730 | D:4      | Slain by a black bear

Levels and vault maps discovered:
D:1:      spicycebolla_green_bress_n_ham_2, layout_rooms
D:2:      layout_basic, serial_shops, nicolae_shop_window_shopping,
          grunt_decor_arrowhead
D:3:      layout_basic, serial_shops, nicolae_shop_behind_doors,
          nicolae_shop_waterfront, shop, minmay_randomly_rotated_circles
D:4:      mumra_celtic_spiral_tile, layout_basic, serial_corexii_hall,
          corexii_hall_statues_t, chequers_hall_statues_corner_a, uniq_natasha

Skill      XL: |  1  2  3  4  5 |
---------------+----------------+-----
Ranged Weapons | 4 |  4.8
Armour         | 1 |  1.4
Fighting       | 3 |  3.0
Dodging        | 3 |  3.9
Stealth        | |  0.7

Action                     |  1- 3 |  4- 6 || total
---------------------------+-------+-------++-------
   Fire: Shortbow          |   100 |   152 ||   252
    Use: Scroll            |     1 |     6 ||     7
         Potion            |       |     1 ||     1
 Armour: Leather armour    |    18 |       ||    18
         Ring mail         |    15 |    93 ||   108
  Dodge: Dodged            |    30 |    78 ||   108

Table legend:
 A = Non-vault XP
 B = Vault XP
 C = Vault XP percentage of total XP
 D = Non-vault monster count
 E = Vault monster count
 F = Vault count percentage of total count
                 A         B        C        D         E       F
            +---------+---------+-------+---------+---------+-------
      Total |     323 |      57 |  15.0 |      66 |       6 |   8.3
            +---------+---------+-------+---------+---------+-------
        D:1 |      35 |       0 |   0.0 |      22 |       0 |   0.0
        D:2 |      75 |       0 |   0.0 |      24 |       0 |   0.0
        D:3 |      26 |      57 |  68.7 |      13 |       6 |  31.6
        D:4 |     187 |       0 |   0.0 |       7 |       0 |   0.0
            +---------+---------+-------+---------+---------+-------
